 Dungeon Crawl Stone Soup version 0.22.1-6-g1668fe2 (webtiles) character file.

73 dengdeng the Chopper (level 4, -1/40 HPs)
             Began as a Minotaur Berserker on Jan 17, 2019.
             Was a Believer of Trog.
             Slain by an ogre
             ... wielding a +0 giant club
              (14 damage)
             ... on level 3 of the Dungeon.
             The game lasted 00:05:26 (1504 turns).

dengdeng the Chopper (Minotaur Berserker)           Turns: 1504, Time: 00:05:27

Health: -1/40      AC: 12    Str: 22    XL:     4   Next: 8%
Magic:  3/3        EV:  8    Int:  4    God:    Trog [**....]
Gold:   63         SH:  0    Dex: 10    Spells: 3/3 levels left

rFire    . . .     SeeInvis .   a - +0 hand axe
rCold    . . .     Gourm    .   (no shield)
rNeg     . . .     Faith    .   h - +0 chain mail
rPois    .         Spirit   .   (helmet restricted)
rElec    .         Reflect  .   o - +1 cloak {MR+}
rCorr    .         Harm     .   (no gloves)
MR       +....                  n - +0 pair of boots
Stlth    ..........             (no amulet)
HPRegen  0.13/turn              (no ring)
MPRegen  0.08/turn              (no ring)

@: no status effects
A: retaliatory headbutt, horns 2
a: Berserk, Trog's Hand, Renounce Religion


You were on level 3 of the Dungeon.
You worshipped Trog.
Trog was pleased with you.
You were not hungry.

You visited 1 branch of the dungeon, and saw 3 of its levels.

You collected 63 gold pieces.

Inventory:

Hand Weapons
 a - a +0 hand axe (weapon)
Missiles
 e - 105 stones (quivered)
Armour
 h - a +0 chain mail (worn)
 n - a +0 pair of boots (worn)
 o - a +1 cloak of magic resistance (worn)
Scrolls
 b - a scroll of teleportation {unknown}
 g - a scroll of blinking {unknown}
 k - 2 scrolls of identify {unknown}
 l - a scroll of fear {unknown}
 q - a scroll of enchant armour {unknown}
Potions
 d - a potion of mutation {unknown}
 f - 2 potions of heal wounds {unknown}
 i - a potion of invisibility {unknown}
 j - a potion of cancellation {unknown}
 p - a potion of curing {unknown}
Comestibles
 c - 6 rations
 m - 3 chunks of flesh


   Skills:
 + Level 3.8 Fighting
 * Level 5.4 Axes
 + Level 0.3 Throwing
 + Level 2.9 Armour
 + Level 2.4 Dodging


You had 3 spell levels left.
You didn't know any spells.
Your spell library was empty.

Dungeon Overview and Level Annotations

Branches:
Dungeon (3/15)

Altars:
Dithmenos
Hepliaklqana
Okawaru
Ru
Trog


Innate Abilities, Weirdness & Mutations

You reflexively headbutt those who attack you in melee.
You have a pair of horns on your head.


Message History

There is a stone staircase leading up here.
An ogre comes into view. It is wielding a giant club.
Found a ruby potion.
The kobold barely misses you. You furiously retaliate!
You headbutt the kobold!
You kill the kobold!
Trog accepts your kill.
You see here a kobold corpse.
Found a stone staircase leading up.
There is a stone staircase leading up here.
The ogre hits you with a giant club.
You hit the ogre.
The ogre is lightly wounded.
The ogre hits you with a giant club!!
Ouch! That really hurt!
Your chain mail prevents you from hitting the ogre.
The ogre is lightly wounded.
You slash the ogre!
The ogre is heavily wounded.
The ogre hits you with a giant club!
You die...

.. #.## # ...##. #
..... #. ##!..####
##..######........
.......<...O....#
###.......@.....#
##.....<)...!..#
#.###†......... #.
#.#.##.##<# #
#.#.# .# # #.#.# #
#.#.# ....# #.###


You could see an ogre.

Vanquished Creatures
  3 adders (D:2)
  2 leopard geckos (D:2)
  4 bats
  2 giant cockroaches (D:2)
  4 hobgoblins
  5 jackals (D:2)
  3 kobolds
  4 frilled lizards (D:2)
  10 goblins
  A rat (D:1)
38 creatures vanquished.

Notes
Turn   | Place    | Note
-------+----------+-------------------------------------------
     0 | D:1      | dengdeng the Minotaur Berserker began the quest for the
                  | Orb.
     0 | D:1      | Reached XP level 1. HP: 19/19 MP: 0/0
   294 | D:1      | Reached skill level 4 in Axes
   392 | D:1      | Reached XP level 2. HP: 27/27 MP: 1/1
   836 | D:2      | Found a shadowy altar of Dithmenos.
   954 | D:2      | Reached XP level 3. HP: 33/33 MP: 2/2
   962 | D:2      | Reached skill level 5 in Axes
   991 | D:2      | Found a hazy altar of Hepliaklqana.
  1052 | D:2      | Found a bloodstained altar of Trog.
  1077 | D:2      | Reached ** piety under Trog
  1163 | D:2      | Found a bloodstained altar of Trog.
  1202 | D:2      | Reached XP level 4. HP: 40/40 MP: 3/3
  1292 | D:2      | Found a sacrificial altar of Ru.
  1342 | D:2      | Found an iron altar of Okawaru.
  1497 | D:3      | Noticed an ogre
  1504 | D:3      | Slain by an ogre

Skill      XL: |  1  2  3 |
---------------+----------+-----
Axes           | 4 5 |  5.4
Fighting       | |  3.8
Throwing       | |  0.3
Armour         | |  2.9
Dodging        | |  2.4

Action                   |  1- 3 |  4- 6 || total
-------------------------+-------+-------++-------
Melee: Hand axe          |    75 |    11 ||    86
       Headbutt          |    10 |       ||    10
Throw: Stone             |    36 |       ||    36
  Eat: Chunk             |     1 |     1 ||     2
Armor: Chain mail        |    55 |     5 ||    60
Dodge: Dodged            |    45 |     4 ||    49
